 Dungeon Crawl Stone Soup version 0.24.0-2-g5b39cebb1c (webtiles) character file.

Game seed: 2016448867315410743, levelgen mode: deterministic

5149 Mrkan the Grappler (level 10, -5/91 HPs)
             Began as a Troll Monk on Oct 29, 2019.
             Was a Priest of Ru.
             Slain by a death yak (11 damage)
             ... on level 8 of the Dungeon.
             The game lasted 00:18:15 (6527 turns).

Mrkan the Grappler (Troll Monk)                     Turns: 6527, Time: 00:18:15

Health: -5/91      AC: 12    Str: 21    XL:     10   Next: 33%
Magic:  9/9        EV: 10    Int:  9    God:    Ru [***...]
Gold:   282        SH: 11    Dex: 12    Spells: 9/9 levels left

rFire    + . .     SeeInvis +     - Unarmed
rCold    + . .     Gourm    +   e - +0 shield
rNeg     . . .     Faith    .   s - +2 robe {rC+ rF+}
rPois    .         Spirit   .   F - +2 hat
rElec    .         Reflect  .   v - +1 cloak
rCorr    +         Harm     .   (gloves unavailable)
MR       .....                  (boots unavailable)
Stlth    ++........             L - amulet of rage
HPRegen  0.65/turn              i - ring of resist corrosion
MPRegen  0.11/turn              J - ring of see invisible

@: overwhelmed with horror
A: large, unfitting armour, claws 3, fast metabolism 3, gourmand, regeneration
1, shaggy fur 1, tough skin 3, inability to use devices, cowardly
a: Draw Out Power, Renounce Religion


You were on level 8 of the Dungeon.
You worshipped Ru.
Ru was most pleased with you.
You were very full.

You visited 1 branch of the dungeon, and saw 8 of its levels.
You also visited: Ossuary.

You collected 282 gold pieces.

Inventory:

Missiles
 c - 8 datura-tipped darts (quivered)
 h - a throwing net
 o - 98 stones
 p - 13 poisoned darts
Armour
 a - a +0 robe
 e - a +0 shield (worn)
 s - a +2 robe of resistance (worn)
 v - a +1 cloak (worn)
 F - a +2 hat (worn)
Jewellery
 i - a ring of resist corrosion (left claw)
 y - a +2 ring of intelligence
 J - a ring of see invisible (right claw)
 L - an amulet of rage (around neck)
Wands
 x - a wand of polymorph (13)
 z - a wand of iceblast (17)
 H - a wand of disintegration (31)
Scrolls
 d - 6 scrolls of remove curse
 g - a scroll of enchant weapon {unknown}
 j - 3 scrolls of enchant armour {unknown}
 m - 4 scrolls of noise {unknown}
 n - 3 scrolls of teleportation {unknown}
 r - 2 scrolls of fog {unknown}
 u - a scroll of immolation {unknown}
 B - 2 scrolls of blinking {unknown}
 D - a scroll of magic mapping {unknown}
 E - 2 scrolls of amnesia {unknown}
 I - 2 scrolls of fear {unknown}
 M - a scroll of brand weapon {unknown}
Potions
 f - 4 potions of brilliance {unknown}
 k - a potion of ambrosia {unknown}
 l - a potion of heal wounds
 q - a potion of lignification
 t - 3 potions of haste
 w - 4 potions of curing
 A - 2 potions of invisibility {unknown}
 C - 2 potions of mutation {unknown}
 G - a potion of magic {unknown}
 K - a potion of resistance {unknown}
Comestibles
 b - 12 rations


   Skills:
 - Level 3.6 Fighting
 - Level 2.4 Dodging
 - Level 1.0 Stealth
 - Level 9.0 Shields
 + Level 10.9 Unarmed Combat


You had 9 spell levels left.
You didn't know any spells.
Your spell library contained the following spells:

 Spells                   Type           Power        Failure   Level  Hunger
 Beastly Appendage        Tmut           #.....       38%         1    ##.....
 Sticks to Snakes         Tmut           #.......     52%         2    ###....
 Spider Form              Tmut/Pois      #.........   77%         3    ####...
 Ice Form                 Ice/Tmut       #.......     99%         4    #####..
 Blade Hands              Tmut           #.........   100%        5    ######.


Dungeon Overview and Level Annotations

Branches:
Dungeon (8/15)             Temple (0/1) D:4            Lair (0/6) D:8
Ossuary (visited)

Altars:
Elyvilon
Fedhas
Nemelex Xobeh
Qazlal
Ru

Shops:
D:4 :


Innate Abilities, Weirdness & Mutations

You are too large for most types of armour.
You have claws for hands.
Your metabolism is lightning-fast.
You like to eat raw meat.
Your natural rate of healing is unusually fast.
You are covered in fur. (AC +1)
You have extremely tough skin. (AC +3)
You cannot study or use magical devices.
Your cowardice makes you less effective in combat with threatening monsters.


Message History

The death yak is lightly wounded.
You block the death yak's attack.
You claw the death yak!
The death yak is moderately wounded.
The death yak gores you!!
* * * LOW HITPOINT WARNING * * *
You scratch the death yak.
The death yak is moderately wounded.
The death yak snorts and paws the ground.
You block the death yak's attack.
You claw the death yak!
The death yak is heavily wounded.
The death yak gores you!
* * * LOW HITPOINT WARNING * * *
You claw the death yak!
The death yak is severely wounded.
You claw the death yak!
The death yak is severely wounded.
The death yak gores you!
You die...

........)# #..Y........
...#'#...# #...YY#.....
...#.#...# #....#....#
.###.###.# #.#.......#
.'.....+.# #..#......#
.###.###.# #..Z......#
...#.#...#####
####.#.####
...#+#.......#######YY.#
.........###....@YYSZ###
.......### ###########
########


You could see 2 death yaks, 2 yaks, an adder and an adder zombie.

Vanquished Creatures
  A death yak (D:8)
  Pikel (D:8)
  A deep elf mage (D:6)
  A hippogriff (D:8)
  5 yaks (D:8)
  A water moccasin (D:7)
  An orc warrior (D:8)
  A sky beast (D:6)
  A phantom (D:8)
  3 ogres
  A centaur (D:6)
  A big kobold (D:7)
  3 elf zombies (Ossuary)
  2 bullfrogs (D:6)
  3 wights (D:8)
  4 crimson imps
  A howler monkey (D:5)
  2 centaur zombies
  4 orc priests
  3 centaur skeletons
  7 hounds
  9 orc wizards
  2 human zombies (Ossuary)
  Crazy Yiuf (D:2)
  3 bullfrog skeletons
  Terence (D:2)
  2 iguanas
  2 worker ants
  A big kobold zombie (Ossuary)
  2 hound zombies (Ossuary)
  A hound skeleton (D:5)
  3 mummies (Ossuary)
  4 gnolls (D:3)
  A howler monkey skeleton (D:4)
  11 adders
  2 shadow imps
  2 oozes
  3 adder zombies (Ossuary)
  3 worms
  4 leopard geckos
  34 orcs
  8 giant cockroaches
  A gnoll zombie (Ossuary)
  4 goblins
  4 hobgoblins
  6 jackals
  4 quokkas
  2 ball pythons
  4 bats
  4 frilled lizards
  5 goblin zombies (Ossuary)
  4 hobgoblin zombies (Ossuary)
  A jackal skeleton (D:7)
  3 jackal zombies (Ossuary)
  16 kobolds
  5 kobold zombies (Ossuary)
  An orc zombie (Ossuary)
  A quokka skeleton (D:8)
  3 quokka zombies (Ossuary)
  2 rats
  3 rat zombies (Ossuary)
219 creatures vanquished.

Vanquished Creatures (others)
  4 slaves (D:8)
  A black bear (D:8)
  A bullfrog (D:8)
  A hound (D:8)
7 creatures vanquished.

Grand Total: 226 creatures vanquished

Notes
Turn   | Place    | Note
-------+----------+-------------------------------------------
     0 | D:1      | Mrkan the Troll Monk began the quest for the Orb.
     0 | D:1      | Reached XP level 1. HP: 22/22 MP: 0/0
   181 | D:1      | Reached XP level 2. HP: 24/29 MP: 1/1
   707 | D:2      | Reached XP level 3. HP: 36/36 MP: 2/2
   779 | D:2      | Reached skill level 4 in Unarmed Combat
   859 | D:2      | Noticed Terence
   869 | D:2      | Killed Terence
   869 | D:2      | Reached XP level 4. HP: 30/45 MP: 3/3
   870 | D:2      | Found a sparkling altar of Nemelex Xobeh.
  1120 | D:2      | Found a runed translucent door.
  1121 | D:2      | Noticed Crazy Yiuf
  1396 | D:2      | Paralysed by Crazy Yiuf for 7 turns
  1406 | D:2      | HP: 1/67 [Crazy Yiuf/+3 quarterstaff of chaos (6)]
  1408 | D:2      | Killed Crazy Yiuf
  1408 | D:2      | Reached skill level 5 in Unarmed Combat
  1408 | D:2      | Reached XP level 5. HP: 1/53 MP: 4/4
  1908 | D:3      | Reached skill level 1 in Shields
  1908 | D:3      | Reached XP level 6. HP: 32/61 MP: 5/5
  2544 | D:4      | Reached skill level 6 in Unarmed Combat
  2673 | D:4      | Found Beelill's Book Emporium.
  2745 | D:4      | Found a staircase to the Ecumenical Temple.
  2754 | D:4      | Reached XP level 7. HP: 50/67 MP: 6/6
  3214 | D:5      | Entered Level 5 of the Dungeon
  3439 | D:5      | Found a sacrificial altar of Ru.
  3722 | D:5      | Became a worshipper of Ru the Awakened
  3727 | D:5      | Gained mutation: Your cowardice makes you less effective in
                  | combat with threatening monsters. [Ru sacrifice]
  3727 | D:5      | Reached * piety under Ru
  3879 | D:6      | Found a stormy altar of Qazlal.
  3915 | D:6      | Reached skill level 7 in Unarmed Combat
  3915 | D:6      | Reached XP level 8. HP: 75/76 MP: 7/7
  3974 | D:6      | Noticed a deep elf mage
  3984 | D:6      | Killed a deep elf mage
  3984 | D:6      | Reached skill level 5 in Shields
  4231 | D:6      | Found a blossoming altar of Fedhas.
  4238 | D:6      | Found a white marble altar of Elyvilon.
  4569 | D:7      | Reached skill level 8 in Unarmed Combat
  4748 | D:7      | Reached XP level 9. HP: 74/83 MP: 8/8
  5032 | D:7      | Gained mutation: You cannot study or use magical devices.
                  | [Ru sacrifice]
  5032 | D:7      | Reached ** piety under Ru
  5032 | D:7      | Reached *** piety under Ru
  5511 | D:8      | Found a sand-covered staircase.
  5517 | Ossuary  | Entered an ossuary
  5901 | D:8      | Reached skill level 9 in Unarmed Combat
  6052 | D:8      | Noticed Pikel
  6068 | D:8      | Killed Pikel
  6095 | D:8      | Reached XP level 10. HP: 76/91 MP: 9/9
  6179 | D:8      | Reached skill level 10 in Unarmed Combat
  6482 | D:8      | Found a staircase to the Lair.
  6484 | D:8      | Noticed a death yak
  6485 | D:8      | Noticed a death yak
  6500 | D:8      | Noticed a death yak
  6520 | D:8      | Killed a death yak
  6527 | D:8      | Slain by a death yak

Levels and vault maps discovered:
D:1:      saegor_arrival_under_anarchy, layout_basic, nrook_loot_triangle
D:2:      layout_loops_ring, st_stairs_11, nemelex_xobeh_ov_fountains_minmay,
          uniq_terence, uniq_crazy_yiuf_cottage
D:3:      layout_basic
D:4:      layout_loops_ring, minmay_temple_entry_offerings, serial_shops, shop
D:5:      layout_rooms, lemuel_doored_altar, first_ration, kennysheep_crisscross
D:6:      layout_basic, grunt_qazlal_clouds, amethyst_overflow_temple_binary,
          guppyfry_early_elven_hall
D:7:      layout_rooms
D:8:      layout_loops_ring, fiery_altar_vehumet, lemuel_coloured_pillars_altar,
          dpeg_lair_monsters, nicolae_ossuary_entry_plus, uniq_pikel

Skill      XL: |  1  2  3  4  5  6  7  8  9 10 |
---------------+-------------------------------+-----
Unarmed Combat | 4 5 6 7 8 9 10 | 10.9
Fighting       | 3 |  3.6
Shields        | 1 3 4 6 9 |  9.0
Dodging        | |  2.4
Stealth        | |  1.0

Action                   |  1- 3 |  4- 6 |  7- 9 | 10-12 || total
-------------------------+-------+-------+-------+-------++-------
Melee: Unarmed           |   101 |   220 |   397 |    87 ||   805
Invok: Sacrifice Courage |       |       |     1 |       ||     1
       Sacrifice Artific |       |       |     1 |       ||     1
  Use: Potion            |       |     1 |     1 |       ||     2
       Scroll            |       |       |     8 |       ||     8
 Stab: Sleeping          |     4 |     1 |     1 |     2 ||     8
       Distracted        |       |       |     2 |     1 ||     3
       Invisible         |       |       |     2 |       ||     2
  Eat: Chunk             |    14 |    17 |    23 |    11 ||    65
Armor: Robe              |    36 |    66 |   126 |    13 ||   241
Dodge: Dodged            |    35 |    47 |   111 |    11 ||   204
Block: Shield            |    31 |    64 |   154 |    28 ||   277
